 Seeded DCSS version 0.28.0-47-ge53b351184 (webtiles) character file.

Game seed: 523019199727972820 (custom seed)

154179 thiscave3701365 the Executioner (level 17, -15/160 HPs)
             Began as a Minotaur Berserker on May 9, 2022.
             Was a High Priest of Trog.
             Demolished by a nagaraja
             ... wielding a +0 flail
              (31 damage)
             ... on level 2 of the Snake Pit.
             The game lasted 00:55:18 (34940 turns).

thiscave3701365 the Executioner (MiBe)             Turns: 34940, Time: 00:55:18

Health: -15/160    AC: 32    Str: 38    XL:     17   Next: 6%
Magic:  34/34      EV:  3    Int:  4    God:    Trog [*****.]
Gold:   539        SH: 19    Dex: 17    Spells: 16/16 levels left

rFire   + . .      SeeInvis .   x - +8 mithril axe "Arga" {speed, Will+}
rCold   + + .      Faith    .   r - +0 tower shield
rNeg    . . .      Spirit   .   A - +1 crystal plate armour
rPois   +          Reflect  +   (helmet restricted)
rElec   .          Harm     .   C - +0 cloak
rCorr   .          Rampage  +   I - +2 pair of gloves "Dethradghoan" {Rampage Regen+ MP+9 Str+4}
Will    ++...                   F - +0 pair of boots
Stlth   ..........              T - amulet of Jozyi {Reflect Rampage rPois SH+5}
HPRegen 1.16/turn               u - ring "Juneag" {rPois MP+9}
MPRegen 0.24/turn               U - ring "Fazxat" {rF+ rC++ Str+6 Dex+5}

@: about to teleport, on berserk cooldown, slowed, constricted, studying Staves,
very slow
A: horns 2, retaliatory headbutt
a: Renounce Religion, Berserk, Trog's Hand, Brothers in Arms


You were on level 2 of the Snake Pit.
You worshipped Trog.
Trog was extremely pleased with you.
You visited 4 branches of the dungeon, and saw 25 of its levels.
You also visited: Volcano.

You collected 3684 gold pieces.
You spent 3145 gold pieces at shops.

Inventory:

Hand Weapons
 g - a +2 great mace of flaming
 w - a +5 vorpal battleaxe
 x - the +8 mithril axe "Arga" (weapon) {speed, Will+}
   (You bought it in a shop on level 14 of the Dungeon)

   Attacks with this weapon are significantly faster.
   Will:      It increases your willpower.
 L - a +2 vampiric executioner's axe
 N - the +10 hunting sling "Febin" {vorpal, Drain +Blink rElec rC++}
   (You found it on level 5 of the Lair of Beasts)

   Any ammunition fired from it inflicts extra damage upon your enemies.
   rC:        It greatly protects you from cold.
   rElec:     It insulates you from electricity.
   +Blink:    It lets you blink.
   Drain:     It drains your maximum health when unequipped.
Missiles
 k - 2 throwing nets
Armour
 r - a +0 tower shield (worn)
 A - a +1 crystal plate armour (worn)
 C - a +0 cloak (worn)
 F - a +0 pair of boots (worn)
 I - the +2 pair of gloves "Dethradghoan" (worn) {Rampage Regen+ MP+9 Str+4}
   (You found it on level 2 of the Lair of Beasts)

   Str:       It affects your strength (+4).
   MP:        It affects your magic capacity (+9).
   Regen:     It increases your rate of health regeneration.
   Rampage:   It bestows one free step when moving towards enemies.
Jewellery
 u - the ring "Juneag" (left hand) {rPois MP+9}
   (You found it on level 3 of the Lair of Beasts)

   [ring of magical power]

   rPois:     It protects you from poison.
   MP:        It affects your magic capacity (+9).
 T - the amulet of Jozyi (around neck) {Reflect Rampage rPois SH+5}
   (You bought it in a shop on level 2 of the Orcish Mines)

   [amulet of reflection]

   It reflects blocked missile attacks.
   rPois:     It protects you from poison.
   SH:        It affects your SH (+5).
   Rampage:   It bestows one free step when moving towards enemies.
 U - the ring "Fazxat" (right hand) {rF+ rC++ Str+6 Dex+5}
   (You bought it in a shop on level 2 of the Orcish Mines)

   [ring of strength]

   Str:       It affects your strength (+6).
   Dex:       It affects your dexterity (+5).
   rF:        It protects you from fire.
   rC:        It greatly protects you from cold.
 X - an amulet of regeneration
Wands
 h - a wand of acid (6)
 i - a wand of paralysis (13)
 t - a wand of polymorph (9)
 y - a wand of flame (58)
 z - a wand of charming (4)
 B - a wand of mindburst (12)
 E - a wand of iceblast (3)
Scrolls
 c - a scroll of fog
 e - 4 scrolls of teleportation
 j - a scroll of summoning
 p - a scroll of vulnerability
 K - 5 scrolls of fear
 M - a scroll of silence
 S - 2 scrolls of identify
Potions
 b - a potion of ambrosia
 d - 8 potions of curing
 f - 3 potions of berserk rage
 l - 4 potions of cancellation
 n - 3 potions of invisibility
 o - 2 potions of lignification
 q - a potion of might
 s - 3 potions of heal wounds
 v - a potion of mutation
 D - 4 potions of haste
 H - a potion of experience
 J - 4 potions of attraction
 P - a potion of resistance
 Q - 3 potions of brilliance
 V - a potion of flight
Miscellaneous
 a - a condenser vane (inert)
 O - a piece from Xom's chessboard (15/15)
 W - a phial of floods


   Skills:
 + Level 16.9 Fighting
 + Level 25.7 Axes
 + Level 16.4 Armour
 + Level 4.3 Dodging
 + Level 2.2 Stealth
 + Level 5.2 Shields
 + Level 1.5 Unarmed Combat
 + Level 1.0 Evocations


You had 16 spell levels left.
You didn't know any spells.
Your spell library was empty.

Dungeon Overview and Level Annotations

Branches:
Dungeon (15/15)            Temple (0/1) D:4            Lair (6/6) D:10
  Swamp (0/4) Lair:2        Snake (2/4) Lair:3        Slime (0/5) Lair:5
    Orc (2/2) D:12            Elf (0/3) Orc:2        Vaults (0/5) D:14
 Depths (0/4) D:15        Volcano (visited)

Altars:
Ashenzari
Nemelex Xobeh

Shops:
D:7 *   D:14 (   Orc:2 ![=[

Annotations:
Snake:1 2 transporters, osinmv's ghost, adept TrFi


Innate Abilities, Weirdness & Mutations

You have a pair of horns on your head.
You reflexively headbutt those who attack you in melee.


Message History

The splash of poison hits the nagaraja.
The nagaraja constricts you.
Unknown command.
Unknown command.
Unknown command.
As you read the scroll of teleportation, it crumbles to dust.
You feel strangely unstable.
The naga mage shouts!
You block the nagaraja's attack.
The nagaraja gestures at you while chanting.
The bolt of poison hits you. You resist.
* * * LOW HITPOINT WARNING * * *
The nagaraja constricts you.
* * * LOW HITPOINT WARNING * * *
The naga mage mumbles some strange words.
The naga mage seems to speed up.
The naga warrior roars a battlecry!
The nagas go into a battle-frenzy!
You block the nagaraja's attack. The nagaraja spits poison at you.
The splash of poison hits you. You resist.
* * * LOW HITPOINT WARNING * * *
The nagaraja constricts you.
Unknown command.
Unknown command.
Unknown command.
Unknown command.
You feel much better. The nagaraja hits you with a +0 club!
* * * LOW HITPOINT WARNING * * *
The nagaraja points at you and mumbles some strange words.
You resist with some effort. The nagaraja constricts you.
You block the naga warrior's attack.
The naga mage points at the naga mage and mumbles some strange words.
The naga mage seems to grow toxic.
The nagaraja spits poison at you.
The splash of poison reflects off an invisible shield around you!
The splash of poison hits the nagaraja but does no damage.
The nagaraja hits you with a +0 flail!!
* * * LOW HITPOINT WARNING * * *
The nagaraja hits you with a +0 flail!!
You die...

........#)N...#.
.#.##.#.#☼§§§.#
#. #.#.#§§§§§#
#.##.###§§§§§#
#..#.# §§§§N.#
###.#.# §§§§§§#
......# §§N≈§NS
...#.##
.≈...§NN##
...#.#
..≈...≈§N@#
...#.#
.S≈...≈§NN#
...#.#
≈≈≈...≈≈§N#
...#.#
≈.≈...≈.§§#
...#.#
≈≈≈.N.≈≈§§#
####.#
........§§#
........§##
#.......##
###>>>###


You could see 2 naga warriors, 3 nagarajas, a black mamba (curare) and 5 naga
magi.

Vanquished Creatures
  Jorgrun (Snake:1)
  The ghost of brae the Bludgeoner, an adept HuBe of Trog (D:15)
  A nagaraja (Snake:2)
  A fire giant (D:15)
  The ghost of pkoi the Convoker, a journeyman DgSu (Orc:1)
  Azrael (Orc:1)
  Nessos (Lair:4)
  The ghost of Etunu the Severer, a journeyman GrFi of the Shining One (Lair:6)
  Josephine (D:10)
  Fannar (Lair:1)
  9 hydras
  2 boulder beetles (D:15)
  A centaur warrior (D:14)
  4 naga warriors
  4 catoblepae
  4 ogre magi
  12 two-headed ogres
  A death knight (D:14)
  4 anacondas
  Erica (D:10)
  The ghost of pkoi the Ducker, a novice DgGl (D:9)
  An orc high priest (Orc:1)
  A tengu warrior (D:14)
  A shock serpent (Snake:2)
  5 naga sharpshooters (Snake:1)
  Urug (D:10)
  Nergalle (D:10)
  Sonja (Lair:4)
  A fire crab (Lair:6)
  4 skeletal warriors
  A sea snake (Snake:2)
  2 naga ritualists
  6 lindwurms
  4 deep elf pyromancers
  A necromancer (Lair:2)
  An orc knight (Orc:1)
  4 mana vipers
  A manticore (D:13)
  4 oklob plants (Lair:5)
  4 cyclopes
  A salamander (Snake:2)
  6 ugly things
  24 black mambas
  2 molten gargoyles (Volcano)
  5 naga magi
  Joseph (Lair:1)
  2 torpor snails
  A cane toad (shapeshifter) (D:14)
  4 cane toads
  10 komodo dragons
  2 freezing wraiths (D:14)
  A rime drake (Lair:2)
  3 efreet
  5 polar bears (Lair:6)
  3 trolls
  Grinder (D:5)
  5 hornets
  38 blink frogs
  6 dream sheep
  8 slime creatures
  5 shadows
  12 spriggans (Lair:6)
  2 wyverns (Lair:3)
  88 yaks
  4 wraiths
  3 fire elementals
  A hog (shapeshifter) (D:15)
  2 steam dragons
  6 vampire mosquitoes
  Menkaure (D:4)
  2 basilisks
  2 wargs (Orc:1)
  2 acid dragons
  3 hell hounds (Orc:1)
  22 nagas
  12 water moccasins
  22 orc warriors
  4 black bears
  A sky beast (D:7)
  43 wolves
  5 boggarts (Lair:6)
  A necrophage (D:6)
  34 ogres
  12 centaurs
  A phantom (D:4)
  2 kobold brigands
  13 bullfrogs
  4 earth elementals (Volcano)
  A wyvern zombie (D:6)
  4 scorpions
  A wyvern skeleton (D:6)
  The ghost of Typ3r5 the Covered, a weakling MiFi of Wu Jian (D:3)
  5 killer bees (D:9)
  9 wights
  2 electric eels (Lair:2)
  A howler monkey (D:4)
  4 centaur zombies
  17 orc priests
  2 gnoll shamans
  A jelly (D:6)
  10 hounds
  5 iguanas
  Ijyb (D:4)
  17 orc wizards
  6 hell rats (Lair:5)
  4 polar bear simulacra (Lair:2)
  2 wolf simulacra (Lair:2)
  3 yak simulacra (Lair:2)
  A hound zombie (D:5)
  A hound skeleton (D:4)
  6 gnolls
  A howler monkey zombie (D:9)
  8 adders
  A hound simulacrum (D:3)
  A white imp (D:7)
  An ufetubus (D:5)
  An adder skeleton (D:4)
  3 worms
  A dart slug (D:4)
  An adder simulacrum (D:3)
  84 orcs
  12 endoplasms
  3 giant cockroaches
  4 goblins
  5 hobgoblins
  6 quokkas
  8 ball pythons
  A ball python simulacrum (D:3)
  6 bats
  A frilled lizard (D:1)
  15 kobolds
  8 rats
  2 river rat simulacra (Lair:2)
  2 fire vortices (Volcano)
813 creatures vanquished.

Vanquished Creatures (others)
  A guardian serpent (Snake:2)
  An orc (Orc:2)
  2 fire vortices (Volcano)
  23 fungi
  57 plants
84 creatures vanquished.

Grand Total: 897 creatures vanquished

Notes
Turn   | Place    | Note
-------+----------+-------------------------------------------
     0 | D:1      | thiscave3701365 the Minotaur Berserker began the quest for
                  | the Orb.
     0 | D:1      | Reached XP level 1. HP: 19/19 MP: 0/0
   374 | D:1      | Reached XP level 2. HP: 27/27 MP: 1/1
   568 | D:1      | Reached skill level 4 in Axes
   797 | D:1      | Found a faded altar of an unknown god.
  1262 | D:2      | Reached XP level 3. HP: 18/33 MP: 2/2
  1588 | D:2      | Reached ** piety under Trog
  1906 | D:2      | Found a broken altar of Ashenzari.
  2472 | D:3      | Reached XP level 4. HP: 40/40 MP: 3/3
  2631 | D:3      | Found a runed translucent gate.
  2762 | D:3      | Found a runed translucent gate.
  2762 | D:3      | Found a runed translucent gate.
  2793 | D:3      | Noticed Typ3r5's ghost (weakling MiFi)
  3276 | D:4      | Noticed a scorpion
  3282 | D:4      | Killed a scorpion
  3283 | D:4      | Reached XP level 5. HP: 47/47 MP: 4/4
  3381 | D:4      | Reached skill level 5 in Axes
  4390 | D:4      | Reached skill level 5 in Fighting
  4390 | D:4      | Reached skill level 1 in Stealth
  4524 | D:4      | Reached XP level 6. HP: 56/56 MP: 5/5
  4554 | D:4      | Noticed Ijyb
  4558 | D:4      | Reached skill level 6 in Axes
  4847 | D:4      | Killed Ijyb
  5241 | D:4      | Found a staircase to the Ecumenical Temple.
  5402 | D:4      | Reached XP level 7. HP: 61/61 MP: 6/6
  5749 | D:5      | Entered Level 5 of the Dungeon
  5749 | D:5      | Noticed Menkaure
  6269 | D:4      | Killed Menkaure
  6270 | D:4      | Reached skill level 7 in Axes
  6270 | D:4      | Reached skill level 5 in Armour
  6515 | D:5      | Reached skill level 1 in Unarmed Combat
  6976 | D:5      | Noticed Grinder
  6977 | D:5      | Paralysed by Grinder for 7 turns
  6998 | D:5      | Killed Grinder
  6998 | D:5      | Reached *** piety under Trog
  6999 | D:5      | Reached skill level 8 in Axes
  6999 | D:5      | Reached XP level 8. HP: 70/70 MP: 7/7
  8117 | D:6      | Reached skill level 9 in Axes
  9378 | D:7      | Found Poej's Elemental Accessories.
  9416 | D:7      | Found a sparkling altar of Nemelex Xobeh.
  9476 | D:7      | Reached XP level 9. HP: 79/79 MP: 8/8
  9763 | D:7      | Reached skill level 10 in Axes
 10574 | D:7      | Identified a scroll of acquirement
 10574 | D:7      | Acquired a +3 vorpal battleaxe
 10612 | D:8      | Reached skill level 11 in Axes
 10899 | D:8      | Noticed a seven-headed hydra
 10926 | D:8      | Killed a ten-headed hydra
 10927 | D:8      | Reached XP level 10. HP: 90/90 MP: 9/9
 11143 | D:8      | Reached skill level 10 in Armour
 11151 | D:8      | Reached skill level 12 in Axes
 11267 | D:8      | Noticed a two-headed ogre
 11274 | D:8      | Killed a two-headed ogre
 11897 | D:9      | Reached skill level 13 in Axes
 12433 | D:9      | Found a runed translucent door.
 12437 | D:9      | Noticed pkoi's ghost (novice DgGl)
 12462 | D:9      | Paralysed by a hornet for 1 turns
 12613 | D:9      | Reached skill level 14 in Axes
 12620 | D:9      | Reached **** piety under Trog
 12745 | D:9      | Noticed a seven-headed hydra
 12754 | D:9      | Killed a ten-headed hydra
 12755 | D:9      | Reached XP level 11. HP: 73/97 MP: 10/10
 13199 | D:3      | Killed Typ3r5's ghost
 13490 | D:10     | Entered Level 10 of the Dungeon
 13491 | D:10     | Noticed Josephine
 13496 | D:10     | Reached skill level 15 in Axes
 13508 | D:10     | Killed Josephine
 13696 | D:10     | Noticed Erica
 13701 | D:10     | Killed Erica
 13702 | D:10     | Reached skill level 16 in Axes
 13702 | D:10     | Noticed Nergalle
 13713 | D:10     | Killed Nergalle
 13823 | D:10     | Found a staircase to the Lair.
 14015 | D:10     | Reached skill level 17 in Axes
 14135 | D:10     | Noticed Urug
 14148 | D:10     | Killed Urug
 14975 | D:11     | Noticed a white ugly thing
 14983 | D:11     | Killed a white ugly thing
 14984 | D:11     | Reached skill level 18 in Axes
 15355 | Lair:1   | Entered Level 1 of the Lair of Beasts
 15385 | Lair:1   | Reached XP level 12. HP: 68/105 MP: 11/11
 15637 | Lair:1   | Reached skill level 10 in Fighting
 15771 | Lair:1   | Noticed Fannar
 15778 | Lair:1   | Killed Fannar
 16207 | Lair:1   | Noticed Joseph
 16219 | Lair:1   | Killed Joseph
 16409 | Lair:2   | Identified the +8 mace of Gayrchemu {flame, rPois}
 16428 | Lair:2   | Reached skill level 19 in Axes
 16473 | Lair:2   | Found a staircase to the Swamp.
 16480 | Lair:2   | Noticed a four-headed hydra
 16483 | Lair:2   | Noticed a seven-headed hydra
 16490 | Lair:2   | Killed a ten-headed hydra
 16492 | Lair:2   | Killed a ten-headed hydra
 16799 | Lair:2   | Noticed a five-headed hydra
 16808 | Lair:2   | Killed a nine-headed hydra
 16865 | Lair:2   | Noticed a four-headed hydra
 16871 | Lair:2   | Killed a six-headed hydra
 17250 | Lair:2   | Identified the +2 pair of gloves "Dethradghoan" {Rampage
                  | Regen+ MP+9 Str+4}
 17521 | Lair:2   | Reached XP level 13. HP: 116/116 MP: 12/12
 17717 | Lair:3   | Reached skill level 20 in Axes
 17748 | Lair:3   | Reached ***** piety under Trog
 18269 | Lair:3   | Found a staircase to the Snake Pit.
 18429 | Lair:3   | Identified the ring "Juneag" {rPois MP+9}
 19143 | Lair:4   | Noticed Sonja
 19147 | Lair:4   | Killed Sonja
 19379 | Lair:4   | Received a gift from Trog
 19560 | Lair:4   | Noticed Nessos
 19566 | Lair:4   | Killed Nessos
 20164 | Lair:5   | Found a dark tunnel.
 20171 | Volcano  | Entered a volcano
 20193 | Volcano  | Reached skill level 21 in Axes
 21732 | Lair:5   | Reached XP level 14. HP: 109/130 MP: 13/13
 22265 | Lair:5   | Reached skill level 1 in Evocations
 22381 | Lair:5   | Reached skill level 1 in Shields
 22689 | Lair:5   | Found a staircase to the Slime Pits.
 23018 | Lair:5   | Identified the +10 hunting sling "Febin" {vorpal, Drain
                  | +Blink rElec rC++}
 23026 | Lair:6   | Entered Level 6 of the Lair of Beasts
 23038 | Lair:5   | Reached skill level 22 in Axes
 23038 | Lair:5   | Reached XP level 15. HP: 139/139 MP: 14/14
 23805 | Lair:6   | Received a gift from Trog
 23885 | Lair:6   | Reached skill level 15 in Fighting
 24291 | Lair:6   | Reached skill level 15 in Armour
 24445 | Lair:6   | Found a runed translucent gate.
 24448 | Lair:6   | Found a runed translucent gate.
 24449 | Lair:6   | Found a runed translucent gate.
 24451 | Lair:6   | Noticed Etunu's ghost (journeyman GrFi)
 24924 | D:9      | Killed pkoi's ghost
 25153 | D:12     | Found a staircase to the Orcish Mines.
 25910 | Orc:1    | Entered Level 1 of the Orcish Mines
 25914 | Orc:1    | Found a runed translucent gate.
 25914 | Orc:1    | Found a runed translucent gate.
 25914 | Orc:1    | Found a runed translucent gate.
 25917 | Orc:1    | Noticed pkoi's ghost (journeyman DgSu)
 26051 | Orc:1    | Received a gift from Trog
 26311 | Orc:2    | Entered Level 2 of the Orcish Mines
 26311 | Orc:2    | Noticed Azrael
 26397 | Orc:1    | Killed pkoi's ghost
 26398 | Orc:1    | Reached skill level 23 in Axes
 26445 | Orc:1    | Identified the amulet of Iminoy {Faith Harm +Blink Will-
                  | Str+5}
 26512 | Orc:1    | Killed Azrael
 27000 | Orc:1    | Reached XP level 16. HP: 106/151 MP: 15/15
 27561 | Orc:2    | Paralysed by an ogre mage for 4 turns
 27781 | Orc:2    | Paralysed by something for 3 turns
 28039 | Orc:2    | Found Vepn's Distillery.
 28039 | Orc:2    | Found Vogom's Jewellery Shop.
 28102 | Orc:2    | Found Digohaur's Antique Armour Shop.
 28114 | Orc:2    | Found Inlyseno's Antique Armour Shoppe.
 28121 | Orc:2    | Bought a potion of curing for 42 gold pieces
 28121 | Orc:2    | Bought a potion of curing for 42 gold pieces
 28121 | Orc:2    | Bought a potion of curing for 42 gold pieces
 28121 | Orc:2    | Bought a potion of curing for 42 gold pieces
 28122 | Orc:2    | Bought the amulet of Jozyi {Reflect Rampage rPois SH+5} for
                  | 453 gold pieces
 28122 | Orc:2    | Bought the ring "Fazxat" {rF+ rC++ Str+6 Dex+5} for 1103
                  | gold pieces
 28163 | Orc:2    | Found a staircase to the Elven Halls.
 28319 | Orc:2    | Received a gift from Trog
 29274 | D:13     | Reached skill level 24 in Axes
 30297 | D:14     | Found Egraezat's Antique Weapon Emporium.
 30692 | D:14     | Found a gate to the Vaults.
 30947 | D:15     | Entered Level 15 of the Dungeon
 31130 | D:15     | Found a runed translucent door.
 31130 | D:15     | Noticed brae's ghost (adept HuBe)
 31210 | D:15     | Found a staircase to the Depths.
 31976 | D:15     | Killed brae's ghost
 31977 | D:15     | Reached skill level 25 in Axes
 32245 | Lair:6   | Killed Etunu's ghost
 32333 | Snake:1  | Entered Level 1 of the Snake Pit
 32630 | Snake:1  | Acquired 784 gold pieces
 32841 | Snake:1  | Received a gift from Trog
 33563 | Snake:1  | Noticed osinmv's ghost (adept TrFi)
 33576 | Snake:1  | Found a transporter.
 33604 | Snake:1  | Found a transporter.
 33836 | Snake:1  | Noticed Jorgrun
 33863 | Snake:1  | Killed Jorgrun
 34435 | D:14     | Bought the +8 mithril axe "Arga" {speed, Will+} for 1421
                  | gold pieces
 34435 | D:14     | Found the +8 mithril axe "Arga" {speed, Will+}
 34914 | Snake:2  | Reached XP level 17. HP: 133/160 MP: 16/16
 34919 | Snake:2  | Reached skill level 5 in Shields
 34940 | Snake:2  | Demolished by a nagaraja

Illustrated notes

Levels and vault maps discovered:
D:1:      minmay_arrival_floating_metal, layout_loops_corners,
          shapermc_ecumenical_altar_notcrosses, minivault_11
D:2:      layout_basic, basic_altar
D:3:      layout_basic, gammafunk_ghost_icy
D:4:      minmay_chambers_of_twos, layout_loops_cross,
          minmay_temple_entry_fiery, minmay_fractal_squares_5, uniq_ijyb
D:5:      layout_rooms, serial_bayou_lagoon_a, uniq_grinder, uniq_menkaure
D:6:      layout_loops_ring, grunt_decor_fettered, kennysheep_small_circle
D:7:      layout_loops_ring, mainiacjoe_overflow_small_starburst,
          nicolae_elemental_shop
D:8:      layout_rooms
D:9:      layout_stronghold, ebering_ghost_reflecting_pool
D:10:     layout_small_grid, erik_lair_island, uniq_urug, uniq_nergalle,
          uniq_josephine, uniq_erica
D:11:     layout_rooms, minivault_25_ag
D:12:     layout_roguey, hiddenorc2_lemuel
D:13:     layout_basic, hex_intersection
D:14:     layout_loops_corners, david_vaults_1, minmay_misc_feat_cross,
          serial_shops, kennysheep_mini
D:15:     grunt_enter_depths_giant_problem, layout_basic,
          chequers_serial_rivers_small_a, hellmonk_ghost_happy_afterlife
Lair:1:   layout_roguey, grunt_megastairs_4, lemuel_fruit_tree, uniq_fannar,
          uniq_joseph
Lair:2:   layout_cave_pods, swamp_mist, eino_house_with_fridge,
          serial_bayou_shore_a, infiniplex_staircase_pool_2
Lair:3:   nzn_winding_woodlands_three_and_one
          [nzn_winding_woodlands_5x15_pathside_ponds,
          nzn_winding_woodlands_5x15_sawtooth,
          nzn_winding_woodlands_5x15_zeroes,
          nzn_winding_woodlands_center_diamonds], layout_chaotic_city,
          guppyfry_snake_entry_island
Lair:4:   layout_cave_pods, chequers_serial_rivers_micro_e, grunt_megastairs_3,
          uniq_sonja, uniq_nessos
Lair:5:   layout_cave_shapes, minmay_slime_entry_oklob_open,
          nicolae_volcano_entry_lava_flow, minivault_26, minmay_lindwurm_lava
Lair:6:   minmay_lair_end_enchanted_forest, layout_cellular_growth,
          ebering_ghost_rock_garden
Snake:1:  layout_misc_corridors, gammafunk_ghost_berserking_beasts, uniq_jorgrun
Snake:2:  nicolae_cobra_stairs, layout_basic, serial_shops, shop_fountains,
          basic_altar, minmay_shoptagon
Orc:1:    layout_caves, gammafunk_ghost_split
Orc:2:    st_orc_ogre_mass, layout_caves, nicolae_orc_rockfall, uniq_azrael

Skill      XL: |  1  2  3  4  5  6  7  8  9 10 11 12 13 14 15 16 17 |
---------------+----------------------------------------------------+-----
Fighting       | 4 5 6 7 8 9 11 13 14 16 | 16.9
Axes           | 4 5 6 8 9 11 14 18 19 21 22 23 25 | 25.7
Armour         | 3 4 6 7 9 10 12 14 15 16 | 16.4
Dodging        | 3 4 |  4.3
Stealth        | 1 2 |  2.2
Unarmed Combat | 1 |  1.5
Evocations     | 1 |  1.0
Shields        | 2 3 4 5 |  5.2

Action                   |  1- 3 |  4- 6 |  7- 9 | 10-12 | 13-15 | 16-18 || total
-------------------------+-------+-------+-------+-------+-------+-------++-------
Melee: Hand axe          |    82 |   124 |   208 |       |       |       ||   414
       Headbutt          |    12 |    17 |    44 |    62 |   142 |    91 ||   368
       Unarmed           |       |    24 |       |       |       |       ||    24
       Punch             |       |       |     6 |       |       |       ||     6
       Battleaxe         |       |       |    21 |   379 |   687 |   318 ||  1405
       Broad axe         |       |       |       |       |       |    45 ||    45
Invok: Berserk           |     1 |     5 |    13 |    24 |    21 |    17 ||    81
Evoke: Wand              |       |       |       |       |     6 |       ||     6
       Condenser vane    |       |       |       |       |     1 |     1 ||     2
  Use: Scroll            |       |       |    17 |     5 |    10 |     9 ||    41
       Potion            |       |       |     1 |       |     2 |     7 ||    10
 Stab: Sleeping          |     1 |       |       |       |       |       ||     1
       Petrified         |       |       |       |       |     4 |       ||     4
Armor: Animal skin       |    20 |     5 |       |       |       |       ||    25
       Chain mail        |       |    41 |    56 |       |       |       ||    97
       Skin              |       |     3 |       |       |       |       ||     3
       Crystal plate arm |       |       |    65 |   296 |   513 |   280 ||  1154
Dodge: Dodged            |    48 |    68 |    77 |   108 |   191 |   106 ||   598
Block: Other             |       |       |       |       |    83 |    66 ||   149
       Reflection        |       |       |       |       |     3 |    19 ||    22
       Tower shield      |       |       |       |       |       |    60 ||    60
